 Dungeon Crawl Stone Soup version 0.19.0-2-gae57169 (webtiles) character file.

108 Inkary the Shield-Bearer (level 4, -1/29 HPs)
             Began as a Gargoyle Fighter on Nov 5, 2016.
             Slain by a goblin (3 damage)
             ... led by Robin
             ... on level 2 of the Dungeon.
             The game lasted 00:02:08 (1516 turns).

Inkary the Shield-Bearer (Gargoyle Fighter)         Turns: 1516, Time: 00:02:09

Health: -1/29      AC: 10    Str: 26    XL:     4   Next: 87%
Magic:  4/4        EV:  7    Int:  8    God:
Gold:   119        SH: 10    Dex:  9    Spells: 0 memorised, 3 levels left

rFire  . . .     SeeInvis .     a - +0 flail
rCold  . . .     Gourm    .     b - +0 scale mail
rNeg   + . .     Faith    .     c - +0 shield
rPois  ∞         Spirit   .     (no helmet)
rElec  +         Reflect  .     (no cloak)
rCorr  .         Harm     .     (no gloves)
MR     .....                    (no boots)
Stlth  ..........               (no amulet)
                                (no ring)
                                (no ring)

@: mighty
A: negative energy resistance 1, electricity resistance, unbreathing,
petrification resistance, rot immunity, AC +3
a: no special abilities


You were on level 2 of the Dungeon.
You were not hungry.

You visited 1 branch of the dungeon, and saw 3 of its levels.

You collected 119 gold pieces.

Inventory:

Hand Weapons
 a - a +0 flail (weapon)
Missiles
 q - 2 steel javelins (quivered)
Armour
 b - a +0 scale mail (worn)
 c - a +0 shield (worn)
Scrolls
 e - 2 scrolls of fear {unknown}
 h - a scroll of enchant armour {unknown}
 j - 3 scrolls of remove curse {unknown}
 k - 2 scrolls of identify {unknown}
 l - a scroll of fog {unknown}
 n - a scroll of recharging {unknown}
 p - a scroll of noise {unknown}
Potions
 d - a potion of might
 i - 2 potions of invisibility {unknown}
 o - a potion of haste {unknown}
Comestibles
 f - 2 bread rations
 g - a beef jerky
 m - a chunk of flesh
 r - a meat ration


   Skills:
 + Level 3.8 Fighting
 * Level 3.9 Maces & Flails
 - Level 3.2 Armour
 + Level 4.1 Shields


You had 3 spell levels left.
You didn't know any spells.

Dungeon Overview and Level Annotations

Branches:
Dungeon (3/15)

Altars:
Ashenzari

Annotations:
D:3 Robin


Innate Abilities, Weirdness & Mutations

You are resistant to torment.
Your stone body is resilient. (AC +3)
You are immune to poison.
You resist negative energy. (rN+)
You are resistant to electric shocks. (rElec)
You can survive without breathing.
You are immune to petrification.
You are immune to rotting.


Message History

The goblin hits you but does no damage. The jackal barely misses you.
There is a stone staircase leading up here.
You block the jackal's attack. You block the goblin's attack.
The jackal bites you but does no damage.
You climb upwards.
There is a stone staircase leading down here.
You closely miss the jackal. You block the jackal's attack.
The goblin barely misses you.
The jackal bites you but does no damage.
You block the goblin's attack.
You miss the jackal.
The jackal bites you but does no damage.
The goblin hits you.
* * * LOW HITPOINT WARNING * * *
The jackal bites you but does no damage.
You hit the jackal.
You kill the jackal!
The goblin no longer looks unusually strong.
The goblin hits you.
You die...

..##.#########.#########.#
#....##.....##.#.........#
#....##.....##.#.#########
#....''.....'..#.#
#....##.....####)#
#.#####.....# #.# ..#
####### #.#
################†#
.............).g@#
...........#######
...........# .....÷.....#
...........# ...........#
'###.......# .# #.......#
.########'##


You could see a goblin.

Vanquished Creatures
  4 adders
  An ooze (D:1)
  2 worms (D:2)
  A dart slug (D:1)
  2 leopard geckos
  An orc (D:3)
  2 giant cockroaches
  13 goblins
  6 hobgoblins
  7 jackals (D:2)
  4 kobolds
  A ball python (D:1)
  4 bats
  A frilled lizard (D:2)
  4 rats
53 creatures vanquished.

Notes
Turn   | Place    | Note
-------+----------+-------------------------------------------
     0 | D:1      | Inkary the Gargoyle Fighter began the quest for the Orb.
     0 | D:1      | Reached XP level 1. HP: 14/14 MP: 1/1
    25 | D:1      | Reached XP level 2. HP: 16/19 MP: 2/2
   197 | D:1      | Found a shattered altar of Ashenzari.
   424 | D:1      | Reached XP level 3. HP: 23/23 MP: 3/3
   904 | D:2      | Reached XP level 4. HP: 29/29 MP: 4/4
  1354 | D:3      | Reached skill level 4 in Shields
  1496 | D:3      | Noticed Robin
  1516 | D:2      | Slain by a goblin

Skill      XL: |  1  2  3  4 |
---------------+-------------+-----
Maces & Flails | 3 |  3.9
Shields        | 4 |  4.1
Fighting       | |  3.8
Armour         | |  3.2

Action                   |  1- 3 |  4- 6 || total
-------------------------+-------+-------++-------
Melee: Flail             |   103 |   110 ||   213
  Use: Potion            |       |     1 ||     1
  Eat: Chunk             |       |     2 ||     2
Armor: Scale mail        |    64 |    83 ||   147
Dodge: Dodged            |    40 |    38 ||    78
Block: Shield            |    59 |    64 ||   123
